[Event "Titled Tuesday Blitz November 29 Early 2022"]
[White "Omariev, Maksim"]
[Black "Manon-og, Ramon Jr."]
[WhiteFideId "4193423"]
[BlackFideId "5200776"]
[WhiteElo "2418"]
[BlackElo "2336"]
[Result "1-0"]
[Round "10"]
[TimeControl "180+1"]
[Date "2022.11.30"]
[WhiteClock "0:00:19"]
[BlackClock "0:00:41"]

1. e3 Nf6 2. g4 g6 3. g5 Nd5 4. Bg2 c6 5. c4 Nb6 6. c5 Nd5 7. d4 Bg7 8. h4 h5 9. e4 Nc7 10. Nc3 d6 11. cxd6 exd6 12. Be3 O-O 13. Nge2 Bg4 14. f3 Be6 15. Nf4 Bc4 16. Qc2 d5 17. O-O-O Ne6 18. Nxe6 fxe6 19. exd5 exd5 20. Qxg6 Qe8 21. Qxe8 Rxe8 22. Rhe1 Na6 23. f4 Nb4 24. f5 Nd3+ 25. Rxd3 Bxd3 26. f6 Bf8 27. Kd2 Bg6 28. a3 b5 29. Ne2 Be4 30. Rg1 Bxg2 31. Rxg2 Re4 32. Nf4 Bd6 33. Nxh5 Rxh4 34. Ng7 Rh2 35. Rxh2 Bxh2 36. g6 Rf8 37. Nh5 c5 38. dxc5 d4 39. f7+ Rxf7 40. gxf7+ Kxf7 41. Bxd4 Ke6 42. Kd3 Kd5 43. Nf6+ Kc6 44. Ne4 a5 45. b4 a4 46. Bb2 Bf4 47. Nf6 Bh6 48. Ng4 Bf4 49. Ne3 Bg5 50. Nf5 Bf4 51. Nd4+ Kd5 52. Nxb5 Bb8 53. Nc3+ Kc6 54. Nxa4 Kb5 55. Nc3+ Kc6 56. Kc4 Be5 57. b5+ Kb7 58. a4 Ka7 59. c6 Kb6 60. Ba3 Ka5 61. Bb4+ Kb6 62. a5+ Kc7 63. Nd5+ Kb8 64. b6 Ka8 65. a6 Bd6 66. b7+ Ka7 67. Bxd6 Kxa6 68. b8=Q Ka5 69. Qb5# 1-0


[Site "https://www.chess.com"]

[Event "Titled Tuesday Blitz November 29 Early 2022"]
[White "Osinovsky, Stepan"]
[Black "Tokhirjonova, Gulrukhbegim"]
[WhiteFideId "4157354"]
[BlackFideId "14203626"]
[WhiteElo "2222"]
[BlackElo "2236"]
[Result "1-0"]
[Round "10"]
[TimeControl "180+1"]
[Date "2022.11.30"]
[WhiteClock "0:00:10"]
[BlackClock "0:00:42"]

1. Nf3 d5 2. g3 Nf6 3. Bg2 g6 4. O-O Bg7 5. d3 O-O 6. Nbd2 c5 7. Re1 Nc6 8. e4 Re8 9. c3 e5 10. exd5 Nxd5 11. Nc4 f6 12. a4 Be6 13. a5 Qd7 14. Qa4 Rad8 15. Qb5 Bf8 16. Nfd2 a6 17. Qa4 Nc7 18. Nb6 Qxd3 19. Be4 Qd6 20. Ndc4 Qe7 21. Bxc6 bxc6 22. Qxc6 Nd5 23. Be3 Nxb6 24. Nxb6 Bh3 25. Rad1 Rxd1 26. Rxd1 Rd8 27. Nd5 Qf7 28. f3 Kg7 29. Kf2 c4 30. Rd2 Rd6 31. Qc7 Rd7 32. Qc6 Be6 33. Nb6 Rc7 34. Qa8 h5 35. h4 f5 36. Rd8 Be7 37. Rh8 Bf8 38. Rxf8 f4 39. Rxf7+ Rxf7 40. gxf4 exf4 41. Bd4+ Kh7 42. Qh8# 1-0


[Site "https://www.chess.com"]

[Event "Titled Tuesday Blitz November 29 Early 2022"]
[White "Ovchinnikov, Vsevolod"]
[Black "Sharifov, Mekhriddin"]
[WhiteFideId "24176842"]
[BlackFideId "14701545"]
[WhiteElo "2376"]
[BlackElo "2109"]
[Result "1/2-1/2"]
[Round "10"]
[TimeControl "180+1"]
[Date "2022.11.30"]
[WhiteClock "0:00:07"]
[BlackClock "0:00:11"]

1. Nf3 a6 2. e4 c5 3. c3 d5 4. exd5 Qxd5 5. d4 Nf6 6. Be3 Nc6 7. Nbd2 cxd4 8. cxd4 Bg4 9. Bc4 Bxf3 10. Qxf3 Qxf3 11. Nxf3 e6 12. O-O Be7 13. Rfd1 Nb4 14. Rac1 O-O 15. a3 Nbd5 16. Bd2 Rac8 17. Bd3 h6 18. Kf1 Rfd8 19. Rxc8 Rxc8 20. Rc1 Rd8 21. g3 Bd6 22. Ba5 Re8 23. Be1 Nd7 24. Nd2 Be7 25. f3 Bf6 26. Bf2 Rd8 27. Ne4 Be7 28. Nd2 g6 29. Nb3 Bg5 30. Rc2 Be3 31. Ke2 Bxf2 32. Kxf2 Rb8 33. Ke2 Kg7 34. Be4 N7f6 35. Bd3 Rd8 36. Na5 Rd7 37. Nb3 Ne8 38. Nc5 Rc7 39. Nb3 Nd6 40. Rxc7 Nxc7 41. Kd2 Kf6 42. Nc5 Ke7 43. Ne4 f5 44. Nc3 g5 45. Ke3 b5 46. Kd2 Kd7 47. Ke3 Nde8 48. Kd2 Nf6 49. Ke3 Ncd5+ 50. Kd2 Kd6 51. Ne2 Nb6 52. Nc3 Nfd5 53. Ne2 h5 54. Nc1 Na4 55. Kc2 Nab6 56. Kd2 Nf6 57. Ne2 Nfd7 58. Nc3 Nf6 59. Ne2 g4 60. Ke3 Nbd5+ 61. Kf2 gxf3 62. Kxf3 Ke7 63. h3 Kf7 64. Nf4 Nxf4 65. Kxf4 Kg6 66. Ke5 Kf7 67. Kf4 Kg7 68. Ke5 Kf7 69. Kf4 1/2-1/2


[Site "https://www.chess.com"]

[Event "Titled Tuesday Blitz November 29 Early 2022"]
[White "Pakleza, Zbigniew"]
[Black "Averjanov, Alexey"]
[WhiteFideId "1119290"]
[BlackFideId "14109867"]
[WhiteElo "2411"]
[BlackElo "2646"]
[Result "1-0"]
[Round "10"]
[TimeControl "180+1"]
[Date "2022.11.29"]
[WhiteClock "0:00:18"]
[BlackClock "0:00:53"]

1. d4 d5 2. Bf4 Nf6 3. e3 e6 4. Nd2 c5 5. c3 Bd6 6. Bg3 Qc7 7. Ngf3 Nbd7 8. c4 dxc4 9. Nxc4 Bxg3 10. hxg3 O-O 11. Be2 b6 12. Rc1 Bb7 13. dxc5 Nxc5 14. b4 Nce4 15. O-O Rfd8 16. Qb3 Bd5 17. Qb2 Rac8 18. Nce5 Qb7 19. Nd4 Rxc1 20. Rxc1 Rc8 21. b5 Rxc1+ 22. Qxc1 Nc5 23. Ndc6 a6 24. bxa6 Nxa6 25. Bxa6 Qxa6 26. Ne7+ Kf8 27. Qc7 Qb7 28. Qd8+ Ne8 29. Nd7+ 1-0


[Site "https://www.chess.com"]

[Event "Titled Tuesday Blitz November 29 Early 2022"]
[White "Petrovic, Aleksa"]
[Black "Valle Maytin, Luis Enrique"]
[WhiteFideId "967629"]
[BlackFideId "3503666"]
[WhiteElo "2224"]
[BlackElo "2225"]
[Result "1-0"]
[Round "10"]
[TimeControl "180+1"]
[Date "2022.11.30"]
[WhiteClock "0:02:04"]
[BlackClock "0:01:47"]

1. d4 Nf6 2. c4 e6 3. Nf3 d5 4. Nc3 Bb4 5. Qb3 Bxc3+ 6. Qxc3 c6 7. Bg5 h6 8. Bh4 g5 9. Bg3 Ne4 10. Qc2 Qa5+ 11. Nd2 Nxd2 12. Qxd2 Qxd2+ 13. Kxd2 dxc4 14. h4 gxh4 15. Be5 O-O 16. Rxh4 f6 17. Bd6 Rd8 18. Be7 Rd5 19. Bxf6 h5 20. e4 Rd7 21. Bxc4 Rf7 22. e5 b5 23. Bb3 Rh7 24. Rah1 Kf7 25. Rxh5 Rxh5 26. Rxh5 Na6 27. Rh7+ Kg6 28. Bc2# 1-0


[Site "https://www.chess.com"]

[Event "Titled Tuesday Blitz November 29 Early 2022"]
[White "Poltorak, Sebastian"]
[Black "Girel, Joseph"]
[WhiteFideId "1199498"]
[BlackFideId "36033561"]
[WhiteElo "2196"]
[BlackElo "2281"]
[Result "0-1"]
[Round "10"]
[TimeControl "180+1"]
[Date "2022.11.29"]
[WhiteClock "0:00:04"]
[BlackClock "0:00:46"]

1. d4 Nf6 2. c4 c5 3. d5 b5 4. Qc2 d6 5. e4 bxc4 6. Bxc4 g6 7. Nf3 Bg7 8. O-O O-O 9. Bd2 Ba6 10. Na3 Bxc4 11. Nxc4 Nbd7 12. Bc3 Qc7 13. Rfe1 Ne8 14. Rad1 Bxc3 15. Qxc3 Rb8 16. e5 Ng7 17. exd6 exd6 18. Na5 Nb6 19. Nc6 Rbe8 20. Qd3 Nf5 21. Ng5 Ne7 22. Nxe7+ Rxe7 23. Ne4 Nd7 24. Nc3 Rfe8 25. Rxe7 Rxe7 26. Qd2 Qb6 27. h3 Nf6 28. b3 Qb4 29. Na4 Qxd2 30. Rxd2 Re1+ 31. Kh2 Ne4 32. Rc2 Rd1 33. Re2 Rd4 34. Nb2 Nc3 35. Re8+ Kg7 36. Nc4 Rxd5 37. Ra8 Nxa2 38. Rxa7 Nc1 39. Rb7 Nd3 40. Nb6 Rd4 41. Nd7 Nxf2 42. Nb6 Rb4 43. Rb8 Rxb3 44. Kg1 Ne4 45. Kf1 Nf6 46. Ke2 c4 47. Kd2 d5 48. Kc2 d4 49. Rb7 d3+ 50. Kd2 Ne4+ 0-1


[Site "https://www.chess.com"]

[Event "Titled Tuesday Blitz November 29 Early 2022"]
[White "Postnikov, Daniil"]
[Black "Shipov, Sergei"]
[WhiteFideId "4166329"]
[BlackFideId "4113624"]
[WhiteElo "2261"]
[BlackElo "2800"]
[Result "1-0"]
[Round "10"]
[TimeControl "180+1"]
[Date "2022.11.29"]
[WhiteClock "0:02:24"]
[BlackClock "0:01:59"]

1. e4 e6 2. d4 d5 3. e5 c5 4. c3 Nc6 5. Nf3 Bd7 6. Na3 cxd4 7. cxd4 Bb4+ 8. Bd2 Qb6 9. Nc2 Bxd2+ 10. Qxd2 Qxb2 11. Bd3 Nge7 12. O-O Qb6 13. Rab1 Qc7 14. Ne3 a6 15. Rfc1 h6 16. h4 O-O 17. h5 b5 18. Ng4 Qb6 19. Nf6+ 1-0


[Site "https://www.chess.com"]

[Event "Titled Tuesday Blitz November 29 Early 2022"]
[White "Pranav, V"]
[Black "Riehle, Marco"]
[WhiteFideId "25060783"]
[BlackFideId "12904392"]
[WhiteElo "2430"]
[BlackElo "2462"]
[Result "1-0"]
[Round "10"]
[TimeControl "180+1"]
[Date "2022.11.29"]
[WhiteClock "0:00:09"]
[BlackClock "0:00:07"]

1. e4 e5 2. Nf3 Nf6 3. Nc3 Nc6 4. g3 Bc5 5. Bg2 d6 6. d3 h6 7. Na4 Bb6 8. Nxb6 axb6 9. a3 O-O 10. O-O d5 11. Qe2 dxe4 12. dxe4 Nd4 13. Nxd4 Qxd4 14. h3 Rd8 15. Bxh6 Qxb2 16. Bg5 Be6 17. Qf3 Qxc2 18. Bxf6 gxf6 19. Qxf6 Qc5 20. Kh2 Rd6 21. Rac1 Bc4 22. Qh4 Rxa3 23. Rfd1 Ra2 24. Qg5+ Kh7 25. Qf5+ Kg7 26. Rd5 Rxd5 27. exd5 Qd4 28. Qg5+ Kh7 29. Qf5+ Kg7 30. Kg1 Bxd5 31. Qg5+ Kh7 32. Qf5+ Kg7 33. Rxc7 Be6 34. Qf3 e4 35. Qf4 Bd5 36. Rd7 b5 37. h4 b4 38. h5 b3 39. h6+ Kh7 40. Qf5+ Kxh6 41. Rxd5 Qa1+ 42. Kh2 Kg7 43. Qg5+ Kh7 44. Bxe4+ Kh8 45. Rd8# 1-0


[Site "https://www.chess.com"]

[Event "Titled Tuesday Blitz November 29 Early 2022"]
[White "Prohorov, Olexandr"]
[Black "Hirneise, Jens"]
[WhiteFideId "14105578"]
[BlackFideId "24614734"]
[WhiteElo "1993"]
[BlackElo "2344"]
[Result "1/2-1/2"]
[Round "10"]
[TimeControl "180+1"]
[Date "2022.11.30"]
[WhiteClock "0:02:45"]
[BlackClock "0:02:15"]

1. d4 e6 2. c4 Bb4+ 3. Bd2 Bxd2+ 4. Qxd2 Nf6 5. Nc3 O-O 6. e4 d6 7. Nf3 Nc6 8. d5 exd5 9. exd5 Re8+ 10. Be2 Ne7 11. O-O Ng6 12. h3 Ne4 13. Nxe4 Rxe4 14. Bd3 Re8 15. Rfe1 1/2-1/2


[Site "https://www.chess.com"]

[Event "Titled Tuesday Blitz November 29 Early 2022"]
[White "Putnam, Liam"]
[Black "Aldokhin, Ivan"]
[WhiteFideId "30938279"]
[BlackFideId "24115720"]
[WhiteElo "2082"]
[BlackElo "2313"]
[Result "0-1"]
[Round "10"]
[TimeControl "180+1"]
[Date "2022.11.30"]
[WhiteClock "0:00:36"]
[BlackClock "0:00:02"]

1. d4 Nf6 2. Nf3 g6 3. Nc3 Bg7 4. e4 O-O 5. Be2 d5 6. e5 Ne4 7. O-O Nc6 8. Be3 f5 9. exf6 exf6 10. Nxe4 dxe4 11. Nd2 f5 12. d5 Nd4 13. Bc4 b5 14. Bxd4 Bxd4 15. Bxb5 Rb8 16. Bc4 Bxb2 17. Rb1 Bd7 18. d6+ Kh8 19. Nxe4 Be5 20. Rxb8 Qxb8 21. Nc5 Bc6 22. Ne6 cxd6 23. Nxf8 Qxf8 24. Bd5 Bd7 25. c4 Qf6 26. g3 Bd4 27. Qd2 Kg7 28. Qa5 Bb6 29. Qb4 f4 30. Qd2 Bh3 31. Re1 g5 32. Be4 Bd7 33. Rd1 Bc5 34. Bf3 fxg3 35. Qe2 gxf2+ 36. Kh1 g4 37. Bxg4 Bc6+ 38. Rd5 Bxd5+ 39. cxd5 f1=Q+ 0-1


[Site "https://www.chess.com"]

[Event "Titled Tuesday Blitz November 29 Early 2022"]
[White "Rangel, Daniel"]
[Black "Jimenez, Joaquin"]
[WhiteFideId "2124475"]
[BlackFideId "109860"]
[WhiteElo "2225"]
[BlackElo "2163"]
[Result "1-0"]
[Round "10"]
[TimeControl "180+1"]
[Date "2022.11.30"]
[WhiteClock "0:02:25"]
[BlackClock "0:02:29"]

1. d4 Nf6 2. c4 g6 3. Nc3 Bg7 4. e4 d6 5. Nf3 O-O 6. Be2 e5 7. O-O Nc6 8. d5 Ne7 9. Bd2 Ne8 10. Rc1 f5 11. c5 dxc5 12. Ng5 Nd6 13. Nb5 b6 14. b4 cxb4 15. Nxc7 Rb8 16. Nge6 Bxe6 17. Nxe6 Qd7 18. Rc7 Rbc8 19. Rxd7 1-0


[Site "https://www.chess.com"]

[Event "Titled Tuesday Blitz November 29 Early 2022"]
[White "Reprintsev, Alexander"]
[Black "Kleiman, Jake"]
[WhiteFideId "14100541"]
[BlackFideId "2020041"]
[WhiteElo "2230"]
[BlackElo "2628"]
[Result "1-0"]
[Round "10"]
[TimeControl "180+1"]
[Date "2022.11.30"]
[WhiteClock "0:00:42"]
[BlackClock "0:00:13"]

1. e4 e5 2. f4 exf4 3. Bc4 Ne7 4. Nc3 d5 5. Nxd5 Nxd5 6. Bxd5 Nd7 7. d3 Nf6 8. Bxf4 Nxd5 9. exd5 Qxd5 10. Qe2+ Be6 11. Bxc7 Be7 12. Nf3 O-O 13. c4 Bb4+ 14. Kf1 Qd7 15. Be5 Rae8 16. a3 Bc5 17. d4 Bb6 18. c5 Bc7 19. Bxc7 Qxc7 20. Kf2 Bd5 21. Qd2 f6 22. Rae1 Re4 23. Rxe4 Bxe4 24. b4 Rd8 25. Re1 Bxf3 26. Kxf3 Qxh2 27. Re4 Qh5+ 28. Kf2 Qd5 29. Qe3 Kf8 30. b5 h6 31. Kg3 Kf7 32. a4 Kg6 33. Rg4+ Kh7 34. Qe4+ Qxe4 35. Rxe4 Rd7 36. Kf4 Kg6 37. Ke3 Kf7 38. g4 g6 39. Kd3 f5 40. gxf5 gxf5 41. Rh4 Kg6 42. Kc4 Kg5 43. Rh1 f4 44. d5 f3 45. c6 bxc6 46. bxc6 Rc7 47. Kc5 h5 48. d6 Rf7 49. c7 1-0


[Site "https://www.chess.com"]

[Event "Titled Tuesday Blitz November 29 Early 2022"]
[White "Richter, Nils"]
[Black "Mogirzan, Matei-Valeriu"]
[WhiteFideId "12990809"]
[BlackFideId "1257455"]
[WhiteElo "2381"]
[BlackElo "1733"]
[Result "1-0"]
[Round "10"]
[TimeControl "180+1"]
[Date "2022.11.30"]
[WhiteClock "0:00:44"]
[BlackClock "0:00:01"]

1. e4 d6 2. d4 a6 3. c4 Nd7 4. Nc3 c5 5. d5 g6 6. f4 Bg7 7. Nf3 Bxc3+ 8. bxc3 Qa5 9. Be2 Ngf6 10. Nd2 Qxc3 11. Rb1 Nxe4 12. Rb3 Qd4 13. Nxe4 Qxe4 14. Bb2 O-O 15. O-O b5 16. Bd3 Qe3+ 17. Kh1 Nb6 18. Bb1 Nxc4 19. Rxe3 Nxe3 20. Qd3 Nxf1 21. Qxf1 f6 22. h4 Ra7 23. h5 Bf5 24. Bxf5 gxf5 25. Qb1 Kf7 26. Qxf5 Rh8 27. h6 1-0


[Site "https://www.chess.com"]

[Event "Titled Tuesday Blitz November 29 Early 2022"]
[White "Rios Escobar, Adan"]
[Black "Przybylski, Wojciech"]
[WhiteFideId "3403645"]
[BlackFideId "1117599"]
[WhiteElo "2307"]
[BlackElo "2221"]
[Result "0-1"]
[Round "10"]
[TimeControl "180+1"]
[Date "2022.11.30"]
[WhiteClock "0:00:02"]
[BlackClock "0:00:55"]

1. d4 Nf6 2. g3 d5 3. c4 c6 4. Nf3 Bg4 5. Nc3 e6 6. Ne5 Nbd7 7. Nxg4 Nxg4 8. e4 Ngf6 9. cxd5 cxd5 10. exd5 Nxd5 11. Nxd5 exd5 12. Bg2 Be7 13. O-O Nb6 14. Qg4 O-O 15. Re1 Bf6 16. Bh6 Re8 17. h4 Rc8 18. h5 Qd6 19. Bf4 Qb4 20. h6 Rxe1+ 21. Kh2 Rxa1 22. Be5 Bxe5 23. f4 Qxd4 24. Qg5 Bf6 25. Qg4 g6 26. Bf3 Rc2+ 27. Kh3 Qe4 28. Bxe4 dxe4 0-1


[Site "https://www.chess.com"]

[Event "Titled Tuesday Blitz November 29 Early 2022"]
[White "Roman, Rodrigo"]
[Black "Lehtosaari, Mauri"]
[WhiteFideId "3701220"]
[BlackFideId "501999"]
[WhiteElo "1995"]
[BlackElo "2472"]
[Result "1-0"]
[Round "10"]
[TimeControl "180+1"]
[Date "2022.11.30"]
[WhiteClock "0:00:11"]
[BlackClock "0:00:05"]

1. e4 c5 2. Nf3 e6 3. Nc3 Nc6 4. Bb5 Nge7 5. O-O a6 6. Be2 b5 7. a3 Bb7 8. d4 cxd4 9. Nxd4 Nxd4 10. Qxd4 Nc6 11. Qd1 Qc7 12. Be3 Bd6 13. f4 g5 14. e5 Be7 15. fxg5 Qxe5 16. Bf4 Qd4+ 17. Qxd4 Nxd4 18. Bd3 Rg8 19. Bxh7 Rg7 20. Be4 Bxe4 21. Nxe4 Ne2+ 22. Kh1 Nxf4 23. Rxf4 Bxg5 24. Nxg5 Rxg5 25. Rd1 Ke7 26. g3 d5 27. Kg2 Rc8 28. c3 f5 29. Kf3 Kd6 30. Rfd4 Rh8 31. R1d2 Rg7 32. b3 Rc8 33. R2d3 Rgc7 34. h4 Rxc3 35. g4 fxg4+ 36. Kxg4 Rxd3 37. Rxd3 Rg8+ 38. Kf4 e5+ 39. Kf5 e4 40. Rd1 Rf8+ 41. Kg6 e3 42. h5 Rf2 43. Rd3 Rf3 44. h6 Rg3+ 45. Kf6 Rf3+ 46. Kg5 Ke5 47. h7 Rg3+ 48. Kh4 Rg1 49. h8=Q+ Ke4 50. Qd4+ Kf5 51. Qxd5+ Kf4 52. Qd4+ Kf5 53. Rxe3 Rh1+ 54. Kg3 Rg1+ 55. Kf2 Rg4 56. Re5+ Kf6 57. Qd6+ 1-0


[Site "https://www.chess.com"]

[Event "Titled Tuesday Blitz November 29 Early 2022"]
[White "Roque Sola, Gisela"]
[Black "Gheorghiu, Calin"]
[WhiteFideId "5120241"]
[BlackFideId "1200305"]
[WhiteElo "1961"]
[BlackElo "2225"]
[Result "0-1"]
[Round "10"]
[TimeControl "180+1"]
[Date "2022.11.30"]
[WhiteClock "0:00:20"]
[BlackClock "0:00:07"]

1. e4 c5 2. Nf3 d6 3. d4 cxd4 4. Nxd4 Nf6 5. Nc3 a6 6. Be2 e5 7. Nb3 Be7 8. O-O O-O 9. f4 exf4 10. Bxf4 Be6 11. Qd3 Nc6 12. Qg3 Ne5 13. Kh1 Qc7 14. Rad1 b5 15. Bd3 b4 16. Nd5 Nxd5 17. exd5 Bxd5 18. Bxh7+ Kxh7 19. Rxd5 Bf6 20. Rd4 Qxc2 21. Rxd6 Rad8 22. Bxe5 Rxd6 23. Bxd6 Rd8 24. Bxb4 Qxb2 25. Ba5 Rd5 26. Re1 g6 27. Qf3 Rf5 28. Qh3+ Kg7 29. Nc1 Qb5 30. Qd3 Qxa5 31. Nb3 Qxe1+ 0-1


[Site "https://www.chess.com"]

[Event "Titled Tuesday Blitz November 29 Early 2022"]
[White "Roque Sola, Jose Luis"]
[Black "Vargas, Mauricio"]
[WhiteFideId "5120390"]
[BlackFideId "4404572"]
[WhiteElo "2117"]
[BlackElo "2025"]
[Result "0-1"]
[Round "10"]
[TimeControl "180+1"]
[Date "2022.11.30"]
[WhiteClock "0:00:19"]
[BlackClock "0:00:29"]

1. c4 e5 2. Nc3 Nc6 3. Nf3 f5 4. d3 Nf6 5. g3 Bb4 6. Bd2 Bxc3 7. Bxc3 d6 8. Bg2 O-O 9. O-O Qe8 10. b4 Qh5 11. b5 Ne7 12. e3 f4 13. Nd2 Qh6 14. exf4 Bh3 15. fxe5 Ng4 16. f4 Nf5 17. Bxh3 Qxh3 18. Qe2 Rae8 19. Nf3 Nfe3 20. Rfe1 dxe5 21. fxe5 Rxf3 0-1


[Site "https://www.chess.com"]

[Event "Titled Tuesday Blitz November 29 Early 2022"]
[White "Rustemov, Alexander"]
[Black "Le, Tuan Minh"]
[WhiteFideId "4119002"]
[BlackFideId "12401153"]
[WhiteElo "2872"]
[BlackElo "2530"]
[Result "0-1"]
[Round "10"]
[TimeControl "180+1"]
[Date "2022.11.29"]
[WhiteClock "0:00:41"]
[BlackClock "0:00:31"]

1. d4 d5 2. c4 c6 3. cxd5 cxd5 4. Nc3 Nf6 5. Bf4 Nc6 6. e3 a6 7. Rc1 Bg4 8. Qb3 Na5 9. Qa4+ b5 10. Qc2 Rc8 11. Qb1 e6 12. Bd3 Bb4 13. Ne2 Bxe2 14. Kxe2 Bxc3 15. Rxc3 Rxc3 16. bxc3 O-O 17. a4 bxa4 18. Qb4 Nc4 19. Rb1 Qc8 20. Qxa4 e5 21. Bxe5 Qg4+ 22. Kf1 Nxe5 23. Bxa6 Ne4 24. Qc2 Qf5 25. Kg1 Nf3+ 26. Kh1 Ng3+ 0-1


[Site "https://www.chess.com"]

[Event "Titled Tuesday Blitz November 29 Early 2022"]
[White "Sadhwani, Raunak"]
[Black "Indjic, Aleksandar"]
[WhiteFideId "35093487"]
[BlackFideId "911925"]
[WhiteElo "2656"]
[BlackElo "2592"]
[Result "0-1"]
[Round "10"]
[TimeControl "180+1"]
[Date "2022.11.29"]
[WhiteClock "0:00:03"]
[BlackClock "0:00:09"]

1. e4 c5 2. Nf3 d6 3. Bb5+ Nd7 4. a4 Nf6 5. Nc3 a6 6. Be2 b6 7. d4 cxd4 8. Qxd4 Bb7 9. O-O e5 10. Qe3 Rc8 11. Rd1 Be7 12. h3 O-O 13. b3 Nc5 14. Nd2 Ne6 15. Bb2 Nd4 16. Bd3 Re8 17. Nf3 Ne6 18. Bc4 Qc7 19. Ba3 Bf8 20. Rd2 h6 21. Rad1 Red8 22. Bb2 Nc5 23. Nd5 Nxd5 24. Bxd5 Bxd5 25. Rxd5 b5 26. axb5 axb5 27. Qe2 Ne6 28. g3 Qxc2 29. Qxc2 Rxc2 30. Bxe5 dxe5 31. Rxd8 Nxd8 32. Rxd8 f6 33. Nh4 Kf7 34. Nf5 g6 35. Ne3 Rc1+ 36. Kg2 Bc5 37. Rd3 Ke6 38. h4 h5 39. Nd5 Rc2 40. Nc7+ Kf7 41. Nxb5 Bxf2 42. Kh3 Bg1 43. g4 Bh2 44. gxh5 gxh5 45. Nd6+ Kf8 46. Nf5 Bf4 47. Ng3 Bxg3 48. Kxg3 Kf7 49. Kf3 Kg6 50. Kg3 Re2 51. Kf3 Re1 52. Re3 Rg1 53. Kf2 Rh1 54. Kg3 Kf7 55. Rc3 Rg1+ 56. Kf3 Rg4 57. b4 Rf4+ 58. Ke3 Rxh4 59. Rc7+ Kg6 60. b5 Rh3+ 61. Kd2 Rb3 62. Rc5 h4 63. Kc2 Rb4 64. Kc3 Rb1 65. Kc2 Rb4 66. Kc3 Rxe4 67. b6 h3 68. b7 h2 69. b8=Q h1=Q 70. Qg8+ Kf5 71. Qc8+ Kf4 72. Rc6 Qc1+ 73. Kb3 Qb1+ 74. Kc3 Qb4+ 75. Kd3 Re3+ 76. Kc2 Re2+ 0-1


[Site "https://www.chess.com"]

[Event "Titled Tuesday Blitz November 29 Early 2022"]
[White "Sadovsky, Artem"]
[Black "Petrova, Irina"]
[WhiteFideId "4155840"]
[BlackFideId "14124122"]
[WhiteElo "2312"]
[BlackElo "2023"]
[Result "0-1"]
[Round "10"]
[TimeControl "180+1"]
[Date "2022.11.30"]
[WhiteClock "0:01:46"]
[BlackClock "0:01:31"]

1. d4 d6 2. Qd3 Nf6 3. Qb5+ c6 4. Qb3 g6 5. Nf3 Bg7 6. Ng5 O-O 7. e4 a5 8. Bc4 d5 9. exd5 cxd5 10. Be2 Nc6 11. c3 Bf5 12. O-O Qc7 13. g3 a4 14. Qd1 Ne4 15. Na3 Qb6 16. Nxe4 Bxe4 17. f3 Bf5 18. Be3 Qxb2 19. Nb5 e5 20. Rb1 Qxb1 21. Qxb1 Bxb1 22. Rxb1 exd4 23. cxd4 Rfe8 24. Kf2 Rac8 25. Nd6 Nxd4 26. Nxe8 Rxe8 27. Rxb7 Nxe2 28. Kxe2 d4 29. Rb8 Rxb8 30. Bf4 Rb2+ 31. Kd3 Rxa2 32. Kc4 a3 33. Kd5 d3 34. Kc6 d2 35. Kd7 d1=Q+ 36. Ke8 Re2+ 37. Be3 Rxe3# 0-1


[Site "https://www.chess.com"]

[Event "Titled Tuesday Blitz November 29 Early 2022"]
[White "Sadubayev, Airat"]
[Black "Paravyan, David"]
[WhiteFideId "13713264"]
[BlackFideId "4194985"]
[WhiteElo "2160"]
[BlackElo "2546"]
[Result "0-1"]
[Round "10"]
[TimeControl "180+1"]
[Date "2022.11.29"]
[WhiteClock "0:00:08"]
[BlackClock "0:02:19"]

1. d4 Nf6 2. c4 g6 3. Nc3 d5 4. cxd5 Nxd5 5. e4 Nxc3 6. bxc3 Bg7 7. Nf3 c5 8. Be3 Qa5 9. Qd2 Nc6 10. Rc1 cxd4 11. cxd4 Qxd2+ 12. Kxd2 O-O 13. Bd3 Rd8 14. h3 Nxd4 15. Nxd4 Bxd4 16. Bxd4 Rxd4 17. Ke3 Ra4 18. Rc7 Rxa2 19. Rxe7 Be6 20. Rc1 Rd8 21. Rc3 Rb2 22. g4 Kf8 23. Rec7 b5 24. Rc2 Rb3 25. R2c3 Rxc3 26. Rxc3 b4 27. Rc7 a5 28. Ra7 b3 29. Rxa5 Rb8 30. f4 b2 31. f5 Rb3 32. Kf4 Rxd3 33. Rb5 Rb3 0-1


[Site "https://www.chess.com"]

[Event "Titled Tuesday Blitz November 29 Early 2022"]
[White "Sadykov, Ramil"]
[Black "Vakhlamov, Igor L."]
[WhiteFideId "24113590"]
[BlackFideId "24126748"]
[WhiteElo "2245"]
[BlackElo "2401"]
[Result "0-1"]
[Round "10"]
[TimeControl "180+1"]
[Date "2022.11.30"]
[WhiteClock "0:00:15"]
[BlackClock "0:01:19"]

1. e4 c5 2. Nf3 g6 3. d4 cxd4 4. Nxd4 Nc6 5. c4 Nf6 6. Nc3 d6 7. Be2 Nxd4 8. Qxd4 Bg7 9. Be3 O-O 10. Qd2 Be6 11. O-O Qa5 12. f3 Rfc8 13. b3 a6 14. Rac1 b5 15. Nd5 Qxd2 16. Bxd2 Nxd5 17. cxd5 Bd4+ 18. Kh1 Bd7 19. f4 Bb2 20. Rb1 Rc2 21. Rfd1 Bf6 22. Bd3 Rxa2 23. Be3 Rc8 24. Rdc1 Rxc1+ 25. Rxc1 Rb2 26. Rb1 a5 27. Rxb2 Bxb2 28. Kg1 a4 29. bxa4 bxa4 30. Bc4 e5 31. fxe5 Bxe5 32. g3 Kg7 33. Kf2 h5 34. Bf4 Bxf4 35. gxf4 g5 36. fxg5 f6 37. gxf6+ Kxf6 38. Ke3 Ke5 39. h4 Bg4 40. Ba2 Bd1 41. Kd3 Bb3 42. Bxb3 axb3 43. Kc3 Kxe4 44. Kxb3 Kxd5 45. Kc3 Ke4 46. Kd2 Kd4 47. Ke2 Kc3 48. Ke3 d5 49. Ke2 d4 50. Kd1 Kd3 0-1


[Site "https://www.chess.com"]

[Event "Titled Tuesday Blitz November 29 Early 2022"]
[White "Sai Han Thiha"]
[Black "Sanchez, Robert"]
[WhiteFideId "13012290"]
[BlackFideId "2034360"]
[WhiteElo "2023"]
[BlackElo "2339"]
[Result "1-0"]
[Round "10"]
[TimeControl "180+1"]
[Date "2022.11.30"]
[WhiteClock "0:00:07"]
[BlackClock "0:00:07"]

1. d4 Nf6 2. c4 e6 3. Nf3 Bb4+ 4. Bd2 a5 5. a3 Bxd2+ 6. Qxd2 d6 7. Nc3 O-O 8. e4 Nbd7 9. Bd3 e5 10. d5 Nc5 11. Bc2 h6 12. O-O Nh5 13. b4 Na6 14. Ne2 Bg4 15. Ne1 axb4 16. f3 Bd7 17. axb4 Qe7 18. Nd3 f5 19. exf5 Bxf5 20. Ng3 Nxg3 21. hxg3 Qf6 22. b5 Bxd3 23. Qxd3 Nc5 24. Qg6 Qxg6 25. Bxg6 b6 26. Bc2 Ra5 27. Rxa5 bxa5 28. Ra1 Ra8 29. Ba4 Kf7 30. Kf2 Kf6 31. Ke3 Ra7 32. Ra3 g6 33. Bc2 a4 34. Kd2 e4 35. f4 g5 36. Ke3 gxf4+ 37. Kxf4 Ra8 38. Bxe4 Nxe4 39. Kxe4 Kg5 40. Kf3 Kf5 41. g4+ Ke5 42. Ke3 Ra7 43. g3 Ra8 44. Kd3 Kf6 45. Kd4 Kg5 46. c5 Kxg4 47. c6 h5 48. Kc4 Ra7 49. b6 cxb6 50. Kb5 Ra8 51. c7 Kf5 52. Kxb6 Ke5 53. Kb7 Re8 54. c8=Q Rxc8 55. Kxc8 Kxd5 56. Rxa4 Ke5 57. Rh4 d5 58. Rxh5+ 1-0


[Site "https://www.chess.com"]

[Event "Titled Tuesday Blitz November 29 Early 2022"]
[White "Salinas Herrera, Pablo"]
[Black "Ambartsumova, Karina"]
[WhiteFideId "3407128"]
[BlackFideId "4166299"]
[WhiteElo "2557"]
[BlackElo "2319"]
[Result "1-0"]
[Round "10"]
[TimeControl "180+1"]
[Date "2022.11.30"]
[WhiteClock "0:00:05"]
[BlackClock "0:00:01"]

1. e4 e5 2. Nf3 Nc6 3. Bc4 Nf6 4. d3 h6 5. a4 g5 6. O-O Bg7 7. Nc3 d6 8. a5 a6 9. Be3 Be6 10. Nd5 Qd7 11. Nd2 O-O 12. Nxf6+ Bxf6 13. h4 Kg7 14. Bxe6 fxe6 15. Qg4 Qe7 16. hxg5 hxg5 17. g3 Rh8 18. Nf3 Rag8 19. c3 Nd8 20. Kg2 Nf7 21. Nh2 Nh6 22. Qe2 Qf7 23. Rh1 Qg6 24. Ng4 Nf7 25. Qf3 Be7 26. d4 d5 27. dxe5 dxe4 28. Qe2 Qf5 29. Rad1 Rd8 30. Rxh8 Kxh8 31. Rxd8+ Bxd8 32. Bd4 Kg7 33. b4 c6 34. Ne3 Qg6 35. Nc4 Bc7 36. g4 Kf8 37. Qe3 Kg8 38. Qg3 Kf8 39. Nd2 Kg8 40. Qh2 Qg7 41. Nxe4 Bxe5 42. Bxe5 Nxe5 43. Qg3 Kh7 44. Qh3+ Kg8 45. Qg3 Kh7 46. Nc5 Nc4 47. Nxe6 Qg6 48. Nd4 Nd6 49. Qf3 Kh8 50. Qf8+ Kh7 51. Qf3 Kg8 52. Ne2 Ne4 53. Nd4 Nd6 54. Qe3 1-0


[Site "https://www.chess.com"]